 Dungeon Crawl Stone Soup version 0.21-a0-582-g1b93aee (webtiles) character file.

63 vishdafish the Charmwright (level 3, -1/27 HPs)
             Began as a Demonspawn Skald on Dec 19, 2017.
             Succumbed to a worker ant's poison
             ... on level 3 of the Dungeon.
             The game lasted 00:02:19 (2049 turns).

vishdafish the Charmwright (Demonspawn Skald)       Turns: 2049, Time: 00:02:19

Health: -1/27      AC:  4    Str: 11    XL:     3   Next: 87%
Magic:  5/6        EV: 12    Int: 20    God:
Gold:   105        SH:  0    Dex: 12    Spells: 5/6 levels left

rFire    + . .     SeeInvis .   a - +0 spear
rCold    + . .     Gourm    .   (no shield)
rNeg     . . .     Faith    .   b - +0 leather armour
rPois    +         Spirit   .   (no helmet)
rElec    +         Reflect  .   (no cloak)
rCorr    +         Harm     .   f - +0 pair of gloves
MR       .....                  (no boots)
Stlth    +.........             (no amulet)
HPRegen  0.09/turn              (no ring)
MPRegen  0.10/turn              (no ring)

@: brilliant, lethally poisoned (-1 -> -19), resistant, infused
A: powered by pain 1
a: no special abilities


You were on level 3 of the Dungeon.
You were not hungry.

You visited 1 branch of the dungeon, and saw 3 of its levels.

You collected 105 gold pieces.

Inventory:

Hand Weapons
 a - a +0 spear (weapon)
Armour
 b - a +0 leather armour (worn)
 f - a +0 pair of gloves (worn)
Wands
 o - a wand of enslavement (13)
Scrolls
 i - a scroll of enchant weapon {unknown}
 j - 7 scrolls of identify {unknown}
 k - a scroll of blinking {unknown}
 l - 2 scrolls of teleportation {unknown}
 n - 2 scrolls of immolation {unknown}
Potions
 e - a potion of mutation {unknown}
 g - a potion of resistance
 m - 2 potions of lignification {unknown}
Books
 c - a book of Battle

   Spells                             Type                      Level
   a - Infusion                       Charms                       1
   b - Shroud of Golubria             Charms/Translocation         2
   c - Song of Slaying                Charms                       2
   d - Spectral Weapon                Hexes/Charms                 3
   e - Regeneration                   Charms/Necromancy            3
Comestibles
 d - 3 rations


   Skills:
 - Level 2.0 Fighting
 * Level 2.7 Polearms
 + Level 1.7 Armour
 + Level 2.2 Dodging
 - Level 2.0 Spellcasting
 + Level 3.1 Charms


You had 5 spell levels left.
You knew the following spells:

 Your Spells              Type           Power        Failure   Level  Hunger
a - Infusion              Chrm           ####         1%          1    #......


Dungeon Overview and Level Annotations

Branches:
Dungeon (3/15)

Altars:


Innate Abilities, Weirdness & Mutations

You sometimes gain a little power by taking damage.


Message History

You hit the worker ant.
The worker ant is moderately wounded.
The worker ant bites you.
* * * LOW HITPOINT WARNING * * *
You are lethally poisoned!
The worker ant poisons you!
You hit the worker ant.
The worker ant is severely wounded.
* * * LOW HITPOINT WARNING * * *
You feel sick. The worker ant misses you.
It was a potion of resistance.
You feel protected.
* * * LOW HITPOINT WARNING * * *
You feel sick. The worker ant barely misses you. The worker ant bites you.
* * * LOW HITPOINT WARNING * * *
You are more poisoned.
The worker ant poisons you!
It was a potion of brilliance.
You feel clever all of a sudden.
You die...

#.#.. .. .... #. # #.....
#. #..#.#
###......#####.##....#
#.+..................#
##.#..................#
...#.......#######S...#
...#.)..........@aK...#
...#..........#.##....#
...#.......#<.........#
#.........####..##....#
+........#....).......#
#...##.#.#.#######.#..###
.####..#...# ........
.####+##...#
#####†#..####
.##........#
#...#........


You could see a worker ant, an adder and a kobold.

Vanquished Creatures
  2 adders (D:2)
  An ooze (D:1)
  A dart slug (D:1)
  A leopard gecko (D:1)
  6 bats
  2 giant cockroaches
  6 goblins
  7 hobgoblins
  A frilled lizard (D:2)
  5 kobolds
  6 rats
38 creatures vanquished.

Notes
Turn   | Place    | Note
-------+----------+-------------------------------------------
     0 | D:1      | vishdafish the Demonspawn Skald began the quest for the Orb.
     0 | D:1      | Reached XP level 1. HP: 16/16 MP: 3/3
    58 | D:1      | Reached skill level 1 in Armour
   379 | D:1      | Gained mutation: You sometimes gain a little power by taking damage. [demonic ancestry]
   379 | D:1      | Reached XP level 2. HP: 22/22 MP: 5/5
   928 | D:2      | Reached XP level 3. HP: 27/27 MP: 0/6
   992 | D:2      | Reached skill level 3 in Charms
   998 | D:2      | Found a faded altar of an unknown god.
  2048 | D:3      | HP: 1/27 [worker ant (5)]
  2049 | D:3      | Succumbed to a worker ant's poison

Vault maps used:
D:1:      grunt_arrival_crossed_arrows, minmay_misc_feat_hallway
D:2:      chequers_ecumenical_altar_simple
D:3:      lemuel_zombie_altar_yredelemnul

Skill      XL: |  1  2  3 |
---------------+----------+-----
Armour         | 1 |  1.7
Polearms       | 2 |  2.7
Dodging        | 2 |  2.2
Charms         | 3 |  3.1
Fighting       | |  2.0
Spellcasting   | |  2.0

Action                   || total
-------------------------++-------
Melee: Spear             ||   148
 Cast: Infusion          ||     6
  Use: Potion            ||     2
  Eat: Ration            ||     1
       Chunk             ||     1
Armor: Leather armour    ||    30
Dodge: Dodged            ||    82

Table legend:
 A = Spawn XP
 B = Non-spawn XP
 C = Spawn XP percentage of total XP
 D = Spawn monster count
 E = Non-spawn monster count
 F = Spawn count percentage of total count
 G = Total turns spent on level
                    A         B        C        D         E        F      G
               +---------+---------+-------+---------+---------+-------+---------
         Total |       0 |      90 |   0.0 |       0 |      38 |   0.0 |  2049
               +---------+---------+-------+---------+---------+-------+---------
           D:1 |       0 |      33 |   0.0 |       0 |      14 |   0.0 |   886
           D:2 |       0 |      51 |   0.0 |       0 |      19 |   0.0 |   881
           D:3 |       0 |       6 |   0.0 |       0 |       5 |   0.0 |   282
               +---------+---------+-------+---------+---------+-------+---------
